 Dungeon Crawl Stone Soup version 0.27.1-35-g4d5d836560 (webtiles) character file.

Game seed: 15675426419406309615

347 Delamore the Sneak (level 6, -5/42 HPs)
             Began as an Octopode Brigand on June 7, 2022.
             Slain by an orc (8 damage)
             ... on level 4 of the Dungeon.
             The game lasted 00:06:46 (4491 turns).

Delamore the Sneak (Octopode Brigand)               Turns: 4491, Time: 00:06:47

Health: -5/42      AC:  1    Str: 10    XL:     6   Next: 59%
Magic:  6/6        EV: 13    Int: 14    God:
Gold:   143        SH:  0    Dex: 15    Spells: 5/5 levels left

rFire    . . .     SeeInvis .   c - +4 dagger (venom)
rCold    . . .     Faith    .   (no shield)
rNeg     . . .     Spirit   .   (helmet restricted)
rPois    +         Reflect  .   (no amulet)
rElec    .         Harm     .   i - ring of poison resistance
rCorr    .         Rampage  .   (no ring)
Will     .....                  (no ring)
Stlth    ++++......             (no ring)
HPRegen  0.14/turn              (no ring)
MPRegen  0.10/turn              (no ring)
                                (no ring)
                                (no ring)

@: no status effects
A: almost no armour, amphibious, 8 rings, camouflage 1, gelatinous body 1,
(nimble swimmer 1), tentacles
a: no special abilities


You were on level 4 of the Dungeon.
You visited 1 branch of the dungeon, and saw 4 of its levels.

You collected 171 gold pieces.
You spent 28 gold pieces at shops.

Inventory:

Hand Weapons
 c - a +4 dagger of venom (weapon)
 g - a +0 hunting sling
Missiles
 b - 55 stones
 d - 9 sling bullets
 e - 33 poisoned darts (quivered)
 j - 25 arrows
 n - a curare-tipped dart
 s - 5 boomerangs of dispersal
Jewellery
 i - a ring of poison resistance (left tentacle)
 q - a ring of fire
Wands
 m - a wand of paralysis (4)
Scrolls
 a - a scroll of vulnerability
 f - a scroll of teleportation
 h - a scroll of magic mapping {unknown}
 k - a scroll of fear {unknown}
 l - a scroll of acquirement {unknown}
 r - a scroll of blinking {unknown}
Potions
 p - a potion of flight {unknown}


   Skills:
 - Level 3.0 Fighting
 - Level 2.0 Short Blades
 * Level 4.3(5.2) Slings
 + Level 4.2(5.1) Throwing
 - Level 1.4 Dodging
 - Level 5.3 Stealth


You had 5 spell levels left.
You didn't know any spells.
Your spell library contained the following spells:

 Spells                   Type           Power      Damage    Failure   Level
 Corpse Rot               Necr/Air       N/A        N/A       41%         2
 Poisonous Vapours        Pois/Air       0%         N/A       41%         2
 Freezing Cloud           Conj/Ice/Air   0%         6-21      100%        5


Dungeon Overview and Level Annotations

Branches:
Dungeon (4/15)
 Temple: D:4-7

Altars:
Qazlal

Shops:
D:3 *


Innate Abilities, Weirdness & Mutations

You cannot wear most types of armour.
You are amphibious.
You can wear up to eight rings at the same time.
Your skin changes colour to match your surroundings (Stealth+).
Your rubbery body absorbs attacks. (AC +1, EV +1)
((You are camouflaged near water. (Stealth+)))
You have tentacles for arms and can constrict up to eight enemies at once.


Message History

You see here a hound corpse.
You are too injured to fight recklessly!
You are too injured to fight recklessly!
You are too injured to fight recklessly!
You are too injured to fight recklessly!
You are too injured to fight recklessly!
You are too injured to fight recklessly!
You are too injured to fight recklessly!
You are too injured to fight recklessly!
You are too injured to fight recklessly!
You are too injured to fight recklessly!
You are too injured to fight recklessly!
You are too injured to fight recklessly!
You are too injured to fight recklessly!
You barely miss the orc. Your grab misses the orc.
The orc completely misses you.
You barely miss the orc. Your grab misses the orc. You squeeze the orc.
The orc is lightly wounded.
The wyvern zombie bites you!
* * * LOW HITPOINT WARNING * * *
The orc hits you with a +0 war axe.
* * * LOW HITPOINT WARNING * * *
You hit the orc.
The orc is poisoned.
Your grab misses the orc.
The orc is heavily wounded.
The wyvern zombie barely misses you. The orc hits you with a +0 war axe.
* * * LOW HITPOINT WARNING * * *
Okay, then.
Okay, then.
Aiming: Paralyse
Press: ? - help, Shift-Dir - straight line, f - wyvern zombie
Aim: a wyvern zombie (chance to affect: 58%)
The wyvern zombie resists with significant effort.
The wyvern zombie barely misses you. The orc closely misses you.
The wyvern zombie closely misses you.
Aiming: Paralyse
Press: ? - help, Shift-Dir - straight line, f/p - wyvern zombie
Aim: a wyvern zombie (chance to affect: 58%)
The wyvern zombie resists with significant effort.
The wyvern zombie closely misses you. The orc hits you with a +0 war axe!
You die...

# ## ### .## #.#
..######## ##.###
.....#...# ....#
.......#.######...# .
.......#.#..##...Z##....
####...#........@o.(.(#
##..#.......###....#
#..###.......# (..#
###.............# ...#
#............#.... ...
##.......##........# ..
..........#...#...... .
..#.....###...###....
..###.#.#


You could see an orc (very poisoned) and a wyvern zombie.

Vanquished Creatures
  A bullfrog (D:3)
  A hound (D:4)
  2 orc priests (D:3)
  An orc wizard (D:3)
  Robin (D:3)
  5 adders
  2 worms
  3 dart slugs
  8 orcs (D:3)
  7 endoplasms
  14 giant cockroaches
  17 goblins
  3 hobgoblins
  3 quokkas
  3 ball pythons
  5 bats
  7 frilled lizards
  7 kobolds
  2 rats
92 creatures vanquished.

Notes
Turn   | Place    | Note
-------+----------+-------------------------------------------
     0 | D:1      | Delamore the Octopode Brigand began the quest for the Orb.
     0 | D:1      | Reached XP level 1. HP: 14/14 MP: 1/1
   174 | D:1      | Reached XP level 2. HP: 20/20 MP: 2/2
   952 | D:1      | Reached XP level 3. HP: 21/25 MP: 3/3
  2203 | D:2      | Reached skill level 1 in Slings
  2203 | D:2      | Reached XP level 4. HP: 31/31 MP: 4/4
  2581 | D:3      | HP: 1/31 [adder (4)]
  3064 | D:3      | Found a stormy altar of Qazlal.
  3178 | D:3      | Found Xeisican's General Store.
  3183 | D:3      | Bought a scroll of identify for 28 gold pieces
  3193 | D:3      | Reached XP level 5. HP: 36/36 MP: 5/5
  3953 | D:3      | Reached XP level 6. HP: 32/42 MP: 6/6
  4051 | D:3      | Noticed Robin
  4064 | D:3      | Killed Robin
  4208 | D:3      | Found a faded altar of an unknown god.
  4491 | D:4      | Slain by an orc

Illustrated notes

Levels and vault maps discovered:
D:1:      sevenhm_arrival_forest_fort_large_2, layout_loops_ring
D:2:      minmay_roachtagon, layout_basic, minmay_tromino_v4_c
D:3:      layout_basic, nicolae_overflow_hidden_temple, serial_shops,
          nicolae_shop_temple_entry_statues_fountains,
          dilly_ecumenical_altar_fadedgnrine, chequers_decorated_corner,
          chequers_serial_rivers_micro_d, ebering_dispersal_statue_hall,
          minmay_between, uniq_robin
D:4:      layout_cave_pools, serial_shops, shop

Skill      XL: |  1  2  3  4  5  6 |
---------------+-------------------+-----
Fighting       | 3 |  3.0
Slings         | 1 2 3 4 |  4.3
Throwing       | 3 4 |  4.2
Short Blades   | |  2.0
Dodging        | |  1.4
Stealth        | |  5.3

Action                   |  1- 3 |  4- 6 || total
-------------------------+-------+-------++-------
Melee: Dagger            |    56 |    27 ||    83
       Constrict         |    10 |     6 ||    16
       Tentacles         |     8 |     6 ||    14
       Hunting sling     |       |     1 ||     1
 Fire: Hunting sling     |    37 |   125 ||   162
Throw: Dart              |     8 |    20 ||    28
       Boomerang         |       |    12 ||    12
Evoke: Wand              |       |     3 ||     3
  Use: Potion            |       |     1 ||     1
       Scroll            |       |     2 ||     2
 Stab: Sleeping          |    11 |     2 ||    13
       Paralysed         |       |     1 ||     1
Armor: Skin              |     4 |     5 ||     9
Dodge: Dodged            |    32 |    49 ||    81
